 Dungeon Crawl Stone Soup version 0.30-a0-1043-g60ff8d5f49 (webtiles) character file.

Game seed: 13842623502027615690

689 dduke234 the Chopper (level 7, -1/55 HPs)
             Began as a Demonspawn Monk on Apr 10, 2023.
             Was an Initiate of Gozag.
             Slain by a gnoll sergeant
             ... wielding a +0 trident
              (14 damage)
             ... on level 5 of the Dungeon.
             The game lasted 00:15:07 (4177 turns).

dduke234 the Chopper (Demonspawn Monk)              Turns: 4177, Time: 00:15:09

Health: -1/55      AC:  4    Str: 19    XL:     7   Next: 36%
Magic:  0/7        EV: 13    Int: 11    God:    Gozag
Gold:   295        SH:  8    Dex: 16    Spells: 6/6 levels left

rFire   . . .      SeeInvis .    d - +1 hand axe (venom)
rCold   . . .      Faith    .    (no shield)
rNeg    . . .      Spirit   +    b - +0 robe
rPois   .          Reflect  .    (no helmet)
rElec   .          Rampage  .    (no cloak)
rCorr   .          Rage     3%   (no gloves)
Will    .....                    g - +0 pair of boots
Stlth   +++                      n - amulet of guardian spirit
HPRegen 0.29/turn                q - +6 ring of strength
MPRegen 0.10/turn                u - +4 ring of slaying

@: mighty, gold aura
A: claws 1, large bone plates 1, condensation shield, demonic magic 1, berserk
1, shaggy fur 1
a: Renounce Religion, Potion Petition, Call Merchant, Bribe Branch


You were on level 5 of the Dungeon.
You worshipped Gozag.
Gozag was aware of your devotion.
You visited 2 branches of the dungeon, and saw 6 of its levels.

You collected 295 gold pieces.

Inventory:

Hand Weapons
 a - a +0 hand axe
 d - a +1 hand axe of venom (weapon)
Missiles
 e - 3 throwing nets (quivered)
Armour
 b - a +0 robe (worn)
 g - a +0 pair of boots (worn)
 m - an orb of mayhem
Jewellery
 n - an amulet of guardian spirit (around neck)
 q - a +6 ring of strength (left claw)
 u - a +4 ring of slaying (right claw)
Scrolls
 f - a scroll of enchant weapon
 h - a scroll of amnesia
 k - 3 scrolls of identify
 o - a scroll of poison
 p - a scroll of brand weapon
 r - a scroll of teleportation
 t - a scroll of fog
Potions
 c - a potion of ambrosia
 i - 2 potions of resistance
 l - a potion of degeneration


   Skills:
 * Level 4.6 Fighting
 * Level 6.0 Axes
 - Level 2.6 Dodging
 * Level 4.1 Stealth
 + Level 1.3 Shields


You had 6 spell levels left.
You didn't know any spells.
Your spell library contained the following spells:

 Spells                   Type           Power      Damage    Failure   Level
 Magic Dart               Conj           0%         1d3       34%         1
 Call Imp                 Summ           0%         N/A       47%         2
 Mephitic Cloud           Conj/Pois/Air  0%         N/A       71%         3


Dungeon Overview and Level Annotations

Branches:
Dungeon (5/15)             Temple (1/1) D:5

Altars:
Ashenzari
Cheibriados
Fedhas
Gozag
Hepliaklqana
Makhleb
Nemelex Xobeh
Okawaru
Qazlal
Sif Muna
Uskayaw
Vehumet
Yredelemnul

Shops:
D:2 (

Annotations:
D:1 1 transporter


Innate Abilities, Weirdness & Mutations

You have sharp fingernails.
You are partially covered in large bone plates. (SH +4)
A meltable shield of frost defends you. (SH +4)
Spells you cast may paralyse adjacent enemies.
You sometimes lose your temper in combat.
You are covered in fur. (AC +1)


Message History

You kill the gnoll!
The gnoll hits you from afar with a +0 halberd.
Things that are here:
5 gold pieces; a +0 flail You barely miss the gnoll sergeant.
You hit the gnoll.
The gnoll is poisoned.
You block the gnoll's attack.
The gnoll sergeant hits you with a +0 trident.
The gnoll barely misses you.
You slash the gnoll!
You kill the gnoll!
You slash the gnoll sergeant!
The gnoll sergeant is poisoned.
You barely miss the gnoll. You block the gnoll's attack.
The gnoll completely misses you.
The gnoll sergeant hits you with a +0 trident.
You barely miss the gnoll sergeant.
The gnoll sergeant is moderately wounded.
You hit the gnoll.
The gnoll is poisoned.
The gnoll hits you from afar with a +0 halberd!
You block the gnoll's attack.
The gnoll sergeant hits you with a +0 trident!
* * * LOW HITPOINT WARNING * * *
You feel better. The gnoll sergeant closely misses you.
The gnoll barely misses you.
You feel very mighty all of a sudden. You block the gnoll sergeant's attack.
The gnoll hits you with a +0 club.
The gnoll hits you from afar with a +0 halberd.
You slash the gnoll!
You kill the gnoll!
You hit the gnoll sergeant but do no damage.
The gnoll sergeant looks as sick as possible!
The gnoll closely misses you. The gnoll sergeant misses you.
Your Axes skill increases to level 6!
The gnoll sergeant closely misses you. You block the gnoll's attack.
You closely miss the gnoll. You hit the gnoll sergeant.
The gnoll sergeant looks as sick as possible!
The gnoll hits you with a +0 halberd!
* * * LOW HITPOINT WARNING * * *
The gnoll sergeant hits you with a +0 trident!
You die...
Your body crumbles into a pile of gold.

#........#.##
#...........#
#>.......#..#
#.#.....#...#
#.##.#.##.#.# #
#.##^####...# ..
#.##8######.###.###
#.##^##...$$$......
#.##.##.###@g##.##.
#.##.# #g.# #.##..
...# #.#### ###.#
######.# .#
.......# .#
######## .# .#


You could see a gnoll sergeant (extremely poisoned) and a gnoll.

Vanquished Creatures
  An ogre (D:4)
  A phantom (D:5)
  A scorpion (D:4)
  2 hounds
  2 orc priests
  Natasha (D:3)
  3 iguanas
  3 orc wizards
  An adder (D:5)
  4 gnolls (D:5)
  4 shadow imps (D:4)
  A white imp (D:4)
  4 ufetubi
  4 worms
  2 dart slugs
  7 orcs
  5 endoplasms
  4 giant cockroaches
  6 hobgoblins
  3 jackals (D:1)
  7 kobolds
  5 quokkas
  5 ball pythons
  A bat (D:1)
  A frilled lizard (D:3)
  4 rats
82 creatures vanquished.

Vanquished Creatures (others)
  3 demonic plants (D:4)
  3 plants
6 creatures vanquished.

Grand Total: 88 creatures vanquished

Notes
Turn   | Place    | Note
-------+----------+-------------------------------------------
     0 | D:1      | dduke234 the Demonspawn Monk began the quest for the Orb.
     0 | D:1      | Reached XP level 1. HP: 18/18 MP: 1/1
   244 | D:1      | Reached skill level 3 in Axes
   244 | D:1      | Gained mutation: You are partially covered in large bone
                  | plates. (SH +4) [demonic ancestry]
   244 | D:1      | Reached XP level 2. HP: 23/24 MP: 2/2
   703 | D:1      | Found a faded altar of an unknown god.
  1078 | D:2      | Gained mutation: A meltable shield of frost defends you.
                  | (SH +4) [demonic ancestry]
  1078 | D:2      | Reached XP level 3. HP: 29/29 MP: 3/3
  1091 | D:2      | Found Kankangatz's Weapon Boutique.
  1373 | D:2      | Gained mutation: You sometimes lose your temper in combat.
                  | [potion of mutation]
  1373 | D:2      | Gained mutation: You have hidden genetic potential. [potion
                  | of mutation]
  1491 | D:3      | Found a hazy altar of Hepliaklqana.
  1645 | D:3      | Reached XP level 4. HP: 35/35 MP: 4/4
  1664 | D:3      | Gained mutation: You are covered in fur. (AC +1) [hidden
                  | potential]
  1829 | D:3      | Noticed Natasha
  1839 | D:3      | Killed Natasha
  1840 | D:3      | Reached skill level 4 in Axes
  1886 | D:3      | Gained mutation: Spells you cast may paralyse adjacent
                  | enemies. [demonic ancestry]
  1886 | D:3      | Reached XP level 5. HP: 34/42 MP: 5/5
  1908 | D:3      | Gained mutation: You have sharp fingernails. [hidden
                  | potential]
  1908 | D:3      | Lost mutation: You have hidden genetic potential. [hidden
                  | potential expressed]
  2483 | D:4      | Noticed an ogre
  2492 | D:4      | Killed an ogre
  2493 | D:4      | Mutation became permanent: You have sharp fingernails.
                  | [demonic ancestry]
  2493 | D:4      | Gained mutation: You have sharp fingernails. [demonic
                  | ancestry]
  2493 | D:4      | Reached XP level 6. HP: 39/48 MP: 3/6
  2677 | D:4      | Reached skill level 5 in Axes
  3082 | D:4      | Reached skill level 1 in Shields
  3438 | D:5      | Entered Level 5 of the Dungeon
  3480 | D:5      | Found a staircase to the Ecumenical Temple.
  3515 | D:5      | Reached XP level 7. HP: 45/55 MP: 5/7
  3615 | Temple   | Entered the Ecumenical Temple
  3762 | Temple   | Became a worshipper of Gozag Ym Sagoz the Greedy
  4176 | D:5      | Reached skill level 6 in Axes
  4177 | D:5      | Slain by a gnoll sergeant

Illustrated notes

Levels and vault maps discovered:
D:1:      spicycebolla_arrival_risky_transporter, layout_basic,
          serial_corexii_hall, chequers_hall_statues_y, corexii_hall_statues_l,
          corexii_hall_statues_s, corexii_hall_statues_x,
          corexii_hall_statues_s, corexii_hall_statues_deadend,
          dreamdust_ecumenical_altar_hidden_monk_grotto
D:2:      layout_rooms, serial_shops, nicolae_shop_hallway_plus,
          serial_bayou_lake_a
D:3:      layout_basic, mainiacjoe_overflow_small_starburst, minmay_cupped,
          uniq_natasha
D:4:      layout_basic, serial_demonic, serial_demonic_b, serial_demonic_d,
          serial_demonic_e, serial_demonic_e, serial_demonic_a
D:5:      layout_loops_ring, minmay_temple_entry_junction_2, kennysheep_donut,
          ebering_dispersal_statue_hall
Temple:   nicolae_temple_ecumenical_triangle

Skill      XL: |  1  2  3  4  5  6  7 |
---------------+----------------------+-----
Axes           | 3 4 5 6 |  6.0
Stealth        | 2 3 4 |  4.1
Fighting       | 4 |  4.6
Shields        | 1 |  1.3
Dodging        | |  2.6

Action                     |  1- 3 |  4- 6 |  7- 9 || total
---------------------------+-------+-------+-------++-------
  Melee: Hand axe          |   100 |   136 |    22 ||   258
         Punch             |       |     5 |       ||     5
    Use: Scroll            |     9 |     3 |       ||    12
         Potion            |     4 |     1 |     2 ||     7
   Stab: Sleeping          |     7 |       |     2 ||     9
         Distracted        |       |     1 |       ||     1
 Armour: Robe              |    14 |    17 |     1 ||    32
  Dodge: Dodged            |    53 |    72 |    11 ||   136
  Block: Other             |    10 |    45 |    12 ||    67

Table legend: (Time is in decaauts)
 A = Elapsed time spent in this place.
 B = Non-inter-level travel time spent in this place.
 C = Inter-level travel time spent in this place.
 D = Time resting spent in this place.
 E = Time spent auto-exploring this place.
 F = Levels seen in this place.
 G = Mean time per level.
                   A        B        C        D        E       F      G
               +--------+--------+--------+--------+--------+-----+--------+
         Total |   4292 |   4065 |    227 |      0 |   3081 |   6 |  715.3 |
       Dungeon |   4125 |   3898 |    227 |      0 |   3081 |   5 |  825.0 |
        Temple |    166 |    166 |      0 |      0 |      0 |   1 |  166.0 |
               +--------+--------+--------+--------+--------+-----+--------+

Top non-repeatable levels by time:
     D:4: 1126 daAuts
     D:3: 928 daAuts
     D:1: 916 daAuts
     D:5: 589 daAuts
     D:2: 564 daAuts
  Temple: 166 daAuts
